 Dungeon Crawl Stone Soup version 0.28-a0-851-g8b9cc49 (webtiles) character file.

Game seed: 6856209143224409405

455 Meow the Chiller (level 7, 56/56 HPs)
             Began as a Naga Ice Elementalist on Nov 14, 2021.
             Was an Initiate of Gozag.
             Quit the game on level 5 of the Dungeon.
             The game lasted 00:10:16 (3886 turns).

Meow the Chiller (Naga Ice Elementalist)            Turns: 3886, Time: 00:10:16

Health: 56/56      AC:  5    Str: 10    XL:     7   Next: 5%
Magic:  13/13      EV: 13    Int: 17    God:    Gozag
Gold:   331        SH:  3    Dex: 12    Spells: 7/14 levels left

rFire   . . .      SeeInvis +   a - +1 dagger (drain)
rCold   . . .      Faith    .   m - +0 buckler
rNeg    . . .      Spirit   .   c - +0 robe
rPois   +          Reflect  .   f - +1 hat
rElec   .          Harm     .   i - +0 cloak
rCorr   .          Rampage  .   (no gloves)
Will    +....                   (no barding)
Stlth   ++........              (no amulet)
HPRegen 0.18/turn               b - +4 ring of evasion
MPRegen 0.13/turn               s - ring of willpower

@: very slow
A: AC +2, large, see invisible, deformed body, poison resistance, slowness 2,
spit poison 1, naga tail 1
a: Spit Poison, Renounce Religion, Potion Petition, Call Merchant, Bribe Branch


You were on level 5 of the Dungeon.
You worshipped Gozag.
Gozag was aware of your devotion.
You visited 2 branches of the dungeon, and saw 6 of its levels.

You collected 384 gold pieces.
You paid 53 gold pieces to Gozag.

Inventory:

Hand Weapons
 a - a +1 dagger of draining (weapon)
Missiles
 g - 89 arrows
 h - 72 stones
 o - 4 bolts
Armour
 c - a +0 robe (worn)
 f - a +1 hat (worn)
 i - a +0 cloak (worn)
 m - a +0 buckler (worn)
Magical Staves
 l - a staff of fire
Jewellery
 b - a +4 ring of evasion (left hand)
 s - a ring of willpower (right hand)
Wands
 t - a wand of mindburst (5)
Scrolls
 d - a scroll of vulnerability {unknown}
 j - 2 scrolls of teleportation {unknown}
 k - a scroll of holy word {unknown}
 p - 2 scrolls of magic mapping {unknown}
 w - a scroll of immolation {unknown}
 x - a scroll of identify
Potions
 e - 2 potions of cancellation
 n - a potion of berserk rage
 q - 2 potions of resistance {unknown}
 r - 2 potions of curing {unknown}
 u - a potion of haste {unknown}
 v - a potion of degeneration {unknown}


   Skills:
 + Level 0.5 Fighting
 + Level 2.1 Short Blades
 - Level 1.5 Dodging
 - Level 3.0 Stealth
 + Level 4.3 Spellcasting
 + Level 6.4 Ice Magic


You had 7 spell levels left.
You knew the following spells:

 Your Spells              Type           Power      Damage    Failure   Level
a - Freeze                Ice            100%       1d11      1%          1
e - Ozocubu's Armour      Ice            25%        N/A       5%          3
f - Frozen Ramparts       Ice            50%        1d7       5%          3

Your spell library contained the following spells:

 Spells                   Type           Power      Damage    Failure   Level
 Shock                    Conj/Air       12%        1d3       26%         1
 Passwall                 Tmut/Erth      2%         N/A       36%         2
 Hailstorm                Conj/Ice       14%        3d5       56%         4
 Gell's Gravitas          Tloc           3%         N/A       61%         3
 Summon Guardian Golem    Hex/Summ       3%         N/A       61%         3
 Swiftness                Air            3%         N/A       61%         3
 Teleport Other           Tloc           3%         N/A       61%         3
 Airstrike                Air            1%         N/A       95%         4
 Dispersal                Tloc           1%         N/A       100%        6
 Orb of Destruction       Conj           1%         N/A       100%        7
 Spellforged Servitor     Conj/Summ      1%         N/A       100%        7


Dungeon Overview and Level Annotations

Branches:
Dungeon (5/15)             Temple (1/1) D:5

Altars:
Cheibriados
Dithmenos
Elyvilon
Fedhas
Gozag
Hepliaklqana
Nemelex Xobeh
Okawaru
Qazlal
Trog
Uskayaw
Vehumet
Wu Jian
Xom
Yredelemnul
Zin
The Shining One

Shops:
D:5 :

Annotations:
D:5 5 runed translucent doors, Caerwyn's ghost, novice DrFE


Innate Abilities, Weirdness & Mutations

Your serpentine skin is tough. (AC +2)
You have supernaturally acute eyesight. (SInv)
Armour fits poorly on your strangely shaped body.
Your system is resistant to poisons. (rPois)
You cover ground very slowly.
You can spit poison.
You have a snake-like lower body.


Message History

Key pressed, stopping explore.
Found a basalt altar of Yredelemnul.
Key pressed, stopping explore.
There is a hazy altar of Hepliaklqana here.
Key pressed, stopping explore.
Key pressed, stopping explore.
Found a sparkling altar of Nemelex Xobeh.
Done exploring.
Done exploring.
Done exploring.
Done exploring.
There is a staircase back to the Dungeon here.
You climb upwards.
Welcome back to the Dungeon!
Level annotation: 5 runed translucent doors, Caerwyn's ghost, novice DrFE
There is a staircase to the Ecumenical Temple here.
Caerwyn's ghost screams, "Zot is a myth, the ORB is a fable, you'll soon be a tale!"
The kobold hits the plant with a +0 short sword.
The plant begins to die.
The kobold shouts! x2
A nearby fungus withers and dies.
A nearby plant withers and dies.
The kobold hits the plant with a +0 short sword.
The plant begins to die.
Key pressed, stopping explore.
The kobold hits the plant with a +0 short sword of distortion.
The kobold hits the plant with a +0 short sword.
The kobold hits the plant with a +0 short sword.
The kobold hits the plant with a +0 short sword of distortion.
Space warps horribly around the plant!
The kobold hits the plant with a +0 short sword.
A nearby plant withers and dies.
Key pressed, stopping explore.
You now have 331 gold pieces (gained 20).
h - 72 stones (gained 20)
There is a stone staircase leading down here.
Found Wezyekk's Book Boutique.
There is an entrance to Wezyekk's Book Boutique here.
Okay, then.
Unknown command.
Unknown command.
Are you sure you want to abandon this character and quit the game? (Confirm with "yes".)

##...........###.......###
#............# ##....###
#...........## #.####
##...........# #..#
.............## ##.#
###...........#####.##
#.........#....#...#
##........#...#.#..#
##....#.###.#@..#.#
#.....#..# #..∩..##
#....###.##.#...#.#
#.....# .....#.#..#
#....## ......#...# .....#
#...... ..## ##.####
####... ### ## ####


There were no monsters in sight!

Vanquished Creatures
  A water moccasin (D:4)
  A necrophage (D:4)
  A hound (D:5)
  A centaur skeleton (D:5)
  2 iguanas
  5 adders
  A shadow imp (D:3)
  2 adder skeletons (D:4)
  2 worms
  2 dart slugs
  6 orcs
  5 bats
  6 endoplasms
  2 giant cockroaches
  5 goblins
  6 hobgoblins
  6 jackals (D:1)
  15 kobolds
  A quokka (D:1)
  6 ball pythons
  2 frilled lizards
  7 rats
85 creatures vanquished.

Vanquished Creatures (others)
  2 fungi (D:5)
  2 plants (D:5)
4 creatures vanquished.

Grand Total: 89 creatures vanquished

Notes
Turn   | Place    | Note
-------+----------+-------------------------------------------
     0 | D:1      | Meow the Naga Ice Elementalist began the quest for the Orb.
     0 | D:1      | Reached XP level 1. HP: 15/15 MP: 3/3
   170 | D:1      | Reached XP level 2. HP: 22/22 MP: 3/5
   573 | D:1      | Reached XP level 3. HP: 28/28 MP: 6/6
   577 | D:1      | Learned a level 3 spell: Frozen Ramparts
   961 | D:2      | Reached skill level 5 in Ice Magic
   977 | D:2      | Found a faded altar of an unknown god.
  1104 | D:2      | Found a hazy altar of Hepliaklqana.
  1293 | D:3      | Reached XP level 4. HP: 36/36 MP: 5/7
  1649 | D:3      | Found an iron altar of Okawaru.
  2201 | D:3      | Reached XP level 5. HP: 42/42 MP: 6/9
  2572 | D:4      | Found an ornate altar of the Wu Jian Council.
  2574 | D:4      | Found an opulent altar of Gozag.
  2584 | D:4      | Became a worshipper of Gozag Ym Sagoz the Greedy
  2589 | D:4      | Learned a level 3 spell: Ozocubu's Armour
  2649 | D:4      | Noticed a water moccasin
  2662 | D:4      | Killed a water moccasin
  2663 | D:4      | Reached skill level 1 in Short Blades
  2663 | D:4      | Reached XP level 6. HP: 46/49 MP: 3/11
  2825 | D:4      | Noticed a necrophage
  2840 | D:4      | Killed a necrophage
  2841 | D:4      | Reached skill level 6 in Ice Magic
  3210 | D:5      | Entered Level 5 of the Dungeon
  3644 | D:5      | Reached XP level 7. HP: 48/56 MP: 13/13
  3683 | D:5      | Found a large runed translucent door.
  3683 | D:5      | Found a large runed translucent door.
  3685 | D:5      | Found a shimmering altar of Xom.
  3687 | D:5      | Found a staircase to the Ecumenical Temple.
  3693 | D:5      | Found a runed translucent gate.
  3699 | D:5      | Found a runed translucent gate.
  3699 | D:5      | Found a runed translucent gate.
  3700 | D:5      | Noticed Caerwyn's ghost (novice DrFE)
  3703 | Temple   | Entered the Ecumenical Temple
  3881 | D:5      | Found Wezyekk's Book Boutique.
  3886 | D:5      | Quit the game

Illustrated notes

Levels and vault maps discovered:
D:1:      minmay_arrival_split_and_join, layout_basic
D:2:      layout_rooms, basic_altar,
          hellmonk_ecumenical_altar_pennies_from_heaven
D:3:      layout_basic, mainiacjoe_overflow_alcove_1, grunt_decor_one_mirror,
          kennysheep_generic_room_12
D:4:      layout_loops_ring, chequers_temple_overflow_statue_of_worship
D:5:      due_chaos_kobolds, layout_cave_pods, minmay_temple_entry_offerings,
          serial_shops, nicolae_diamond_shop, gammafunk_ghost_nasty_kobolds
Temple:   cyrus_circular_temple

Skill      XL: |  1  2  3  4  5  6 |
---------------+-------------------+-----
Ice Magic      | 5 6 |  6.4
Spellcasting   | 3 4 |  4.3
Short Blades   | 1 2 |  2.1
Fighting       | |  0.5
Dodging        | |  1.5
Stealth        | |  3.0

Action                   |  1- 3 |  4- 6 |  7- 9 || total
-------------------------+-------+-------+-------++-------
Melee: Dagger            |     3 |    77 |       ||    80
 Cast: Freeze            |    24 |    24 |       ||    48
       Frozen Ramparts   |       |     7 |       ||     7
       Ozocubu's Armour  |       |     1 |       ||     1
 Abil: Spit Poison       |    36 |    34 |       ||    70
  Use: Scroll            |     2 |     2 |       ||     4
 Stab: Sleeping          |       |     1 |       ||     1
Armor: Robe              |     6 |    31 |       ||    37
Dodge: Dodged            |    16 |    56 |       ||    72
Block: Buckler           |       |     2 |       ||     2

Table legend: (Time is in decaauts)
 A = Elapsed time spent in this place.
 B = Non-inter-level travel time spent in this place.
 C = Inter-level travel time spent in this place.
 D = Time resting spent in this place.
 E = Time spent auto-exploring this place.
 F = Levels seen in this place.
 G = Mean time per level.
                   A        B        C        D        E       F      G
               +--------+--------+--------+--------+--------+-----+--------+
         Total |   5128 |   4951 |    177 |    387 |   3705 |   6 |  854.7 |
       Dungeon |   5055 |   4892 |    163 |    387 |   3656 |   5 | 1011.0 |
        Temple |     73 |     59 |     14 |      0 |     49 |   1 |   73.0 |
               +--------+--------+--------+--------+--------+-----+--------+

Top non-repeatable levels by time:
     D:3: 1685 daAuts
     D:1: 1076 daAuts
     D:4: 899 daAuts
     D:5: 850 daAuts
     D:2: 543 daAuts
  Temple: 73 daAuts
